AoeStats
← carlosgarcia94

Arena

505487508Analyzed
4v4 RM · 24d ago on Sep 9, 2026· 49m 53s· 8 players
Game mode
Random Map
Map size
Large (8 player)
Population
200
Speed
Normal
Resources
Standard
Victory
Conquest
Starting age
Dark Age
Ending age
Imperial Age
RankedLock teamsTeams togetherTeam positionsShared explorationLock speedFull tech treeHidden civsTurbo modeCheats
Victory
Defeat
🇪🇸 Romans · Spain
863
+5
🇦🇹 Tatars · Austria
846
+5
🇩🇪 Mongols · Germany
693
+9
🇫🇮 Vikings · Finland
681
+10
🇨🇴 Poles · Colombia
665
-11
🇩🇪 Lithuanians · Germany
547
-7
🇲🇽 Persians · Mexico
535
-7
🇪🇸 Khmer · Spain
444
-4
D.E.
10:32 Feudal Age
11:49 Wheelbarrow
11:15 Horse Collar
11:42 Double-Bit Axe
20:34 Castle Age
19:57 Gold Mining
19:59 Stone Mining
22:25 Scale Barding Armor
22:32 Forging
25:24 Hand Cart
26:43 Town Watch
27:37 Iron Casting
32:31 Imperial Age
33:51 Bow Saw
36:30 Two-Man Saw
40:39 Stone Shaft Mining
Iv4n1to
10:30 Loom
12:16 Feudal Age
14:31 Double-Bit Axe
14:29 Horse Collar
14:43 Gold Mining
14:44 Stone Mining
18:40 Castle Age
19:24 Wheelbarrow
22:39 Bow Saw
23:01 Heavy Plow
26:41 Caravan
31:20 Imperial Age
29:08 Hand Cart
32:18 Gold Shaft Mining
32:19 Stone Shaft Mining
35:51 Heavy Scorpion
42:09 Crop Rotation
44:30 Elite Ballista Elephant
carlosgarcia94
1:25 Loom
11:39 Feudal Age
13:05 Wheelbarrow
12:47 Double-Bit Axe
13:29 Town Watch
18:53 Scale Barding Armor
19:43 Horse Collar
25:01 Castle Age
25:07 Bloodlines
25:11 Forging
25:01 Stone Mining
25:02 Gold Mining
26:23 Stone Shaft Mining
26:03 Bow Saw
26:17 Heavy Plow
27:05 Caravan
28:17 Hand Cart
29:26 Husbandry
31:01 Iron Casting
32:05 Chain Barding Armor
33:19 Gold Shaft Mining
35:51 Devotion
36:00 Light Cavalry
41:02 Imperial Age
38:39 Town Patrol
42:15 Plate Barding Armor
42:41 Blast Furnace
killerClown9969
13:11 Feudal Age
15:08 Wheelbarrow
14:35 Horse Collar
15:09 Double-Bit Axe
22:16 Gold Mining
24:37 Castle Age
26:04 Castle Age
28:12 Stone Mining
29:37 Heavy Plow
29:55 Hand Cart
29:54 Bow Saw
30:38 Stone Shaft Mining
37:44 Forging
37:34 Scale Mail Armor
38:32 Szlachta Privileges
41:28 Iron Casting
41:08 Chain Mail Armor
40:59 Scale Barding Armor
44:40 Imperial Age
42:24 Husbandry
42:36 Bloodlines
44:52 Chain Barding Armor
48:09 Blast Furnace
47:39 Plate Mail Armor
Loretin
9:40 Feudal Age
10:09 Double-Bit Axe
10:05 Horse Collar
18:04 Castle Age
19:46 Scale Mail Armor
19:56 Forging
24:13 Wheelbarrow
25:16 Squires
25:47 Man-at-Arms
27:49 Bloodlines
28:13 Long Swordsman
31:54 Imperial Age
31:46 Pikeman
33:05 Conscription
34:03 Husbandry
34:34 Comitatenses
36:05 Ballistas
36:59 Caravan
38:10 Halberdier
38:10 Legionary
40:18 Chain Mail Armor
40:39 Iron Casting
42:21 Elite Centurion
45:10 Heavy Plow
49:38 Spies/Treason
Boss_578
2:54 Loom
10:38 Feudal Age
11:26 Double-Bit Axe
11:22 Horse Collar
13:31 Wheelbarrow
17:53 Scale Barding Armor
18:01 Forging
22:12 Castle Age
20:29 Stone Mining
21:31 Fletching
21:42 Padded Archer Armor
23:35 Bow Saw
24:50 Husbandry
27:29 Heavy Plow
28:48 Stone Shaft Mining
28:09 Gold Mining
30:06 Hand Cart
29:36 Town Watch
30:28 Chain Barding Armor
30:44 Iron Casting
31:42 Nomads
32:38 Bodkin Arrow
32:59 Leather Archer Armor
36:09 Town Patrol
40:05 Imperial Age
38:12 Bloodlines
37:23 Light Cavalry
39:19 Ballistics
38:55 Murder Holes
39:11 Masonry
39:12 Fortified Wall
40:56 Elite Mangudai
41:59 Conscription
43:06 Blast Furnace
42:06 Bracer
43:21 Gold Shaft Mining
43:31 Hussar
44:40 Drill
44:56 Hoardings
45:24 Chemistry
44:33 Siege Engineers
Juha Wrekter
10:37 Feudal Age
11:03 Double-Bit Axe
18:18 Castle Age
16:21 Horse Collar
19:15 Elite Skirmisher
19:59 Squires
21:14 Bow Saw
21:07 Heavy Plow
21:42 Stone Mining
22:53 Gold Mining
25:28 Chieftains
26:52 Forging
26:44 Scale Mail Armor
28:44 Chain Mail Armor
30:02 Iron Casting
30:22 Gold Shaft Mining
35:59 Imperial Age
36:04 Elite Berserk
37:05 Padded Archer Armor
38:18 Blast Furnace
37:52 Conscription
40:24 Two-Man Saw
46:42 Plate Mail Armor
47:31 Arson
Salt
5:29 Loom
11:32 Feudal Age
15:59 Castle Age
14:50 Double-Bit Axe
18:44 Wheelbarrow
23:16 Hand Cart
23:37 Gold Mining
23:45 Stone Mining
25:59 Bow Saw
26:35 Gold Shaft Mining
26:33 Horse Collar
28:13 Ballistics
27:49 Murder Holes
27:20 Elite Skirmisher
28:02 Fletching
30:25 Heavy Plow
30:37 Caravan
30:34 Bodkin Arrow
31:14 Bloodlines
31:05 Husbandry
32:57 Silk Armor
35:29 Imperial Age
35:56 Padded Archer Armor
36:07 Forging
36:03 Scale Barding Armor
36:10 Bracer
36:18 Siege Engineers
37:14 Chemistry
36:25 Fortified Wall
36:02 Treadmill Crane
35:46 Light Cavalry
35:48 Heavy Cavalry Archer
36:45 Town Watch
37:30 Conscription
37:20 Timurid Siegecraft
36:37 Hussar
38:03 Crop Rotation
37:50 Masonry
39:17 Heavy Camel Rider
49:47 Iron Casting
49:33 Chain Barding Armor
49:28 Leather Archer Armor
48:53 Spies/Treason
Connection lost

Rejoining the realm…

Still unreachable

The connection could not be restored.

Session expired

The server has moved on; the page needs a fresh start.